[Event "Schack-SM 2024: Veteran-SM 65+"]
[Site "Fortnox Arena, Hejaregatan 5, Vaxjo, Sweden"]
[Date "2024.07.07"]
[Round "9.1"]
[White "Engstrom, Kaj"]
[Black "Gillefalk, Bjorn"]
[Result "1-0"]
[TimeControl "90 minutes for 40 moves + 30 minutes for the rest of the game + 30 seconds per move from move one."]
[WhiteElo "2163"]
[BlackElo "2063"]

1. e4 c5 2. Nf3 Nc6 3. Bb5 Nf6 4.
e5 Nd5 5. O-O g6 6. Re1 Bg7 7. Nc3 Nxc3 8. dxc3 O-O 9. Bf4 Qb6 10. a4 a6 11. Bf1 Qxb2 12. Qd2 Qb6 13.
Bh6 d6 14. Re4 Nxe5 15. Rh4 Ng4 16. Bxg7 Kxg7 17. h3 h5 18. hxg4 Bxg4 19. Nh2 Bf5 20. g4 hxg4 21. Qh6+ Kf6 22. Nxg4+ Bxg4 23. Rxg4 Rh8 24. Rf4+ Ke6 25.
Bh3+ Kd5 26. Qg5+ 1-0

[Event "Schack-SM 2024: Veteran-SM 65+"]
[Site "Fortnox Arena, Hejaregatan 5, Vaxjo, Sweden"]
[Date "2024.07.07"]
[Round "9.3"]
[White "Wedin, Svante"]
[Black "Magnussen, Pal"]
[Result "0-1"]
[TimeControl "90 minutes for 40 moves + 30 minutes for the rest of the game + 30 seconds per move from move one."]
[WhiteElo "1907"]
[BlackElo "1905"]

1. e4 e5 2. Nf3 Nc6 3. Bc4 Bc5 4. O-O Nf6 5. Nc3 d6 6. h3 a6 7. a4 Be6 8. Bxe6 fxe6 9. Re1 O-O 10.
d3 Qe8 11. Be3 Nd4 12. Bxd4 Bxd4 13. Ne2 Ba7 14. Ng3 Qg6 15. d4 Nd7 16. Ra3 exd4 17. Nxd4 Qf6 18. Rd3 Qxf2+ 19. Kh2 Qf6 20.
c3 Ne5 21. Nh5 Qf7 22. Rg3 g6 23. Nf3 Bf2 24. Rg5 Nxf3+ 25. gxf3 Bxe1 0-1

[Event "Schack-SM 2024: Veteran-SM 65+"]
[Site "Fortnox Arena, Hejaregatan 5, Vaxjo, Sweden"]
[Date "2024.07.07"]
[Round "9.4"]
[White "Larsson, Per-Olov"]
[Black "Malmdin, Nils-Ake"]
[Result "1/2-1/2"]
[TimeControl "90 minutes for 40 moves + 30 minutes for the rest of the game + 30 seconds per move from move one."]
[BlackTitle "FM"]
[WhiteElo "1933"]
[BlackElo "2064"]

1. e4 d5 2. exd5 Nf6 3. Bb5+ Bd7 4. Bxd7+ Qxd7 5. d4 Qxd5 6. Nf3 Nc6 7. O-O O-O-O 8. Nc3 Qf5 9. Ne2 e5 10.
c3 Bd6 11. Ng3 Qe6 12. Ng5 Qd5 13. Qc2 Rd7 14. dxe5 Qxe5 15. Nf3 Qe7 16. Re1 Qd8 17. Bg5 h6 18. Bxf6 Qxf6 19. Ne4 Qf4 20.
Nxd6+ Rxd6 21. Re4 Qf6 22. Rae1 Rhd8 23. h3 Qg6 24. Qa4 Kb8 25. Nd4 Nxd4 26. Rxd4 Rxd4 27. Qxd4 Rc8 28. Qd7 b6 29.
a4 Qf6 30. Re7 Qf4 31. Re3 a5 32. Qd1 Qf6 33. Rf3 Qe7 34. Re3 1/2-1/2

[Event "Schack-SM 2024: Veteran-SM 65+"]
[Site "Fortnox Arena, Hejaregatan 5, Vaxjo, Sweden"]
[Date "2024.07.07"]
[Round "9.5"]
[White "Wengholm, Anders"]
[Black "Sigeman, Johan"]
[Result "1/2-1/2"]
[TimeControl "90 minutes for 40 moves + 30 minutes for the rest of the game + 30 seconds per move from move one."]
[WhiteTitle "CM"]
[WhiteElo "2180"]
[BlackElo "2049"]

1. d4 d5 2. c4 e6 3. Nc3 Nf6 4. cxd5 exd5 5. Bg5 c6 6. e3 Be7 7. Bd3 Nbd7 8. Nf3 h6 9. Bh4 Nh5 10.
Bxe7 Qxe7 11. Qc2 Nf4 12. Bf1 Nh5 13. Bd3 Nf4 14. Bf1 Nh5 15. Bd3 1/2-1/2

[Event "Schack-SM 2024: Veteran-SM 65+"]
[Site "Fortnox Arena, Hejaregatan 5, Vaxjo, Sweden"]
[Date "2024.07.07"]
[Round "9.6"]
[White "Gromark, Per-Olof"]
[Black "Blomstrom, Lars"]
[Result "1/2-1/2"]
[TimeControl "90 minutes for 40 moves + 30 minutes for the rest of the game + 30 seconds per move from move one."]
[WhiteElo "1898"]
[BlackElo "2122"]

1. c4 Nf6 2. Nc3 g6 3. g3 Bg7 4. Bg2 O-O 5. e4 d6 6. Nge2 c5 7. O-O Nc6 8. d3 Rb8 9. h3 Ne8 10.
Be3 Nc7 11. a4 Ne6 12. Rb1 Ned4 13. Nb5 Nxe2+ 14. Qxe2 a6 15. Nc3 Nd4 16. Bxd4 Bxd4 17. Qd2 Qa5 18. Qc2 Bd7 19. Ra1 e6 20.
Kh2 1/2-1/2

[Event "Schack-SM 2024: Veteran-SM 65+"]
[Site "Fortnox Arena, Hejaregatan 5, Vaxjo, Sweden"]
[Date "2024.07.06"]
[Round "8.5"]
[White "Wedin, Svante"]
[Black "Gromark, Per-Olof"]
[Result "1-0"]
[TimeControl "90 minutes for 40 moves + 30 minutes for the rest of the game + 30 seconds per move from move one."]
[WhiteElo "1907"]
[BlackElo "1898"]

1. e4 c5 2. Nf3 d6 3. d4 cxd4 4. Nxd4 Nf6 5. Nc3 a6 6. Bg5 e6 7. f4 Be7 8. Qf3 Qc7 9. O-O-O Nbd7 10.
g4 h6 11. Bxf6 Bxf6 12. h4 Bxd4 13. Rxd4 Qc5 14. Qd3 Ke7 15. Bg2 Nb6 16. Rd1 Rd8 17. g5 f6 18. gxh6 gxh6 19. e5 fxe5 20.
Qh7+ Ke8 21. Qg8+ Ke7 22. Qg7+ Ke8 23. fxe5 d5 24. Rf1 Qe7 25. Qg6+ 1-0

[Event "Schack-SM 2024: Veteran-SM 65+"]
[Site "Fortnox Arena, Hejaregatan 5, Vaxjo, Sweden"]
[Date "2024.07.06"]
[Round "8.6"]
[White "Gillefalk, Bjorn"]
[Black "Olsson, Torgny"]
[Result "1/2-1/2"]
[TimeControl "90 minutes for 40 moves + 30 minutes for the rest of the game + 30 seconds per move from move one."]
[WhiteElo "2063"]
[BlackElo "1875"]

1. Nf3 d5 2. g3 c6 3. Bg2 Bg4 4. c4 e6 5. b3 Nd7 6. Bb2 Ngf6 7. O-O Be7 8. d3 O-O 9. Nbd2 Qc7 10.
Rc1 Rad8 11. h3 Bxf3 12. Nxf3 Qb8 13. e3 e5 1/2-1/2

[Event "Schack-SM 2024: Veteran-SM 65+"]
[Site "Fortnox Arena, Hejaregatan 5, Vaxjo, Sweden"]
[Date "2024.07.06"]
[Round "8.7"]
[White "Blomstrom, Lars"]
[Black "Andersson, Sven-Olof"]
[Result "1/2-1/2"]
[TimeControl "90 minutes for 40 moves + 30 minutes for the rest of the game + 30 seconds per move from move one."]
[WhiteElo "2122"]
[BlackElo "1884"]

1. b3 d5 2. Bb2 Nf6 3. e3 c6 4. Be2 g6 5. f4 Bg7 6. Nf3 O-O 7. O-O Nbd7 8. Qe1 Ne4 9. Bxg7 Kxg7 10.
Kh1 e6 1/2-1/2

[Event "Schack-SM 2024: Veteran-SM 65+"]
[Site "Fortnox Arena, Hejaregatan 5, Vaxjo, Sweden"]
[Date "2024.07.06"]
[Round "8.1"]
[White "Bohlin, Jan"]
[Black "Engstrom, Kaj"]
[Result "0-1"]
[TimeControl "90 minutes for 40 moves + 30 minutes for the rest of the game + 30 seconds per move from move one."]
[WhiteElo "1854"]
[BlackElo "2163"]

1. c4 e5 2. Nc3 Nc6 3. Nf3 f5 4. g3 e4 5. Nh4 d6 6. Bh3 Nh6 7. Ng2 g5 8. Ne3 Bg7 9. Ned5 O-O 10.
O-O Ne5 11. d3 c6 12. Ne3 f4 13. Bxc8 Qxc8 14. d4 Qh3 15. gxf4 Neg4 0-1

[Event "Schack-SM 2024: Veteran-SM 65+"]
[Site "Fortnox Arena, Hejaregatan 5, Vaxjo, Sweden"]
[Date "2024.07.06"]
[Round "8.2"]
[White "Lagerborg, Krister"]
[Black "Hedin, Gunnar"]
[Result "0-1"]
[TimeControl "90 minutes for 40 moves + 30 minutes for the rest of the game + 30 seconds per move from move one."]
[WhiteElo "2091"]
[BlackElo "2064"]

1. e4 e6 2. Qe2 c5 3. f4 Nc6 4. c3 Be7 5. Nf3 d5 6. d3 Nf6 7. e5 Nd7 8. g3 O-O 9. Bg2 b5 10.
O-O Nb6 11. Be3 Ba6 12. Nbd2 Qd7 13. Bf2 Na4 14. Rab1 Rab8 15. Rfc1 c4 16. b4 f6 17. d4 f5 18. a3 Bb7 19.
Be3 a5 20. Nf1 axb4 21. axb4 Nxc3 22. Rxc3 Nxb4 23. Ne1 Ra8 24. g4 g6 25. Ng3 Ra2 26. Rb2 Rfa8 27. gxf5 exf5 28. Rc1 Bc6 29.
Rcb1 Rxb2 30. Rxb2 Ra1 31. Kf2 Qa7 32. Rxb4 Bxb4 33. Nc2 Ra2 34. Nxb4 Rxe2+ 35. Nxe2 Ba8 36. Nxd5 Kg7 37. Bd2 Qa2 38.
Ndc3 Qxd2 39. Bxa8 b4 40. Nd5 Qa2 41. Bc6 Qa6 42. Bd7 Qb7 43. Nf6 b3 44. Ba4 b2 45. Bc2 b1=Q 46. Bxb1 Qxb1 47.
Nd5 Qh1 48. Ndc3 Qxh2+ 49. Ke3 Qh3+ 50. Kf2 Qd3 51. d5 g5 52. fxg5 f4 53. Nxf4 Qxc3 54. e6 Qe5 55. Nh5+ Kg6 56.
Nf6 Qxg5 0-1

[Event "Schack-SM 2024: Veteran-SM 65+"]
[Site "Fortnox Arena, Hejaregatan 5, Vaxjo, Sweden"]
[Date "2024.07.06"]
[Round "8.3"]
[White "Magnussen, Pal"]
[Black "Larsson, Per-Olov"]
[Result "1/2-1/2"]
[TimeControl "90 minutes for 40 moves + 30 minutes for the rest of the game + 30 seconds per move from move one."]
[WhiteElo "1905"]
[BlackElo "1933"]

1. e4 c5 2. Nf3 d6 3. d4 cxd4 4. Nxd4 Nf6 5. Nc3 a6 6. Bg5 Nbd7 7. Qd2 e6 8. O-O-O Be7 9. f3 Qc7 10. Kb1 h6 11. Be3 Ne5 12.
f4 Nc6 13. Be2 Nxd4 14. Bxd4 e5 15. Bf2 b5 16. Bf3 Bb7 17. Rhe1 O-O 18. g4 exf4 19. Qxf4 Rac8 20. Rc1 Nd7 21.
h4 Ne5 22. Be2 Ng6 23. Qh2 Bf6 24. Nd5 Bxd5 25. exd5 Bxb2 26. Kxb2 Qc3+ 27. Kb1 Qb4+ 28. Ka1 Qc3+ 29. Kb1 Rc4 1/2-1/2

[Event "Schack-SM 2024: Veteran-SM 65+"]
[Site "Fortnox Arena, Hejaregatan 5, Vaxjo, Sweden"]
[Date "2024.07.06"]
[Round "8.4"]
[White "Malmdin, Nils-Ake"]
[Black "Dolata, Henryk"]
[Result "1-0"]
[TimeControl "90 minutes for 40 moves + 30 minutes for the rest of the game + 30 seconds per move from move one."]
[WhiteTitle "FM"]
[WhiteElo "2064"]
[BlackElo "1989"]

1. e4 e6 2. d4 d5 3. e5 b6 4. c3 Qd7 5. Nf3 Ne7 6. a4 a5 7. Na3 c6 8. b3 Ba6 9. Bd3 Bxd3 10.
Qxd3 Na6 11. O-O Nc7 12. Nc2 Nf5 13. g4 Ne7 14. Bd2 f5 15. exf6 gxf6 16. Kh1 Ng6 17. Rfe1 Bd6 18. Bh6 O-O-O 19. Ne3 Rdg8 20. b4 Bf4 21. Bxf4 Nxf4 22. Qf1 h5 23. g5 Qh7 24. Ng2 fxg5 25. bxa5 bxa5 26. Ne5 Rf8 27. Ra2 Rf5 28.
Nxf4 Rxf4 29. Rb2 Rhf8 30. Reb1 Kd8 31. Rb8+ Ke7 32. Nxc6+ Kd6 33. Rxf8 Rxf8 34. Ne5 g4 35. Rb6+ Ke7 36.
Rb7 Kd6 37. Rb6+ Ke7 38. Rb7 Kd6 39. Kg1 Ra8 40. Qb5 1-0

[Event "Schack-SM 2024: Veteran-SM 65+"]
[Site "Fortnox Arena, Hejaregatan 5, Vaxjo, Sweden"]
[Date "2024.07.05"]
[Round "7.1"]
[White "Engstrom, Kaj"]
[Black "Wedin, Svante"]
[Result "1-0"]
[TimeControl "90 minutes for 40 moves + 30 minutes for the rest of the game + 30 seconds per move from move one."]
[WhiteElo "2163"]
[BlackElo "1907"]

1. e4 c5 2. Nf3 g6 3. Bc4 Nc6 4.
O-O Bg7 5. Re1 d6 6. c3 Bg4 7. Bxf7+ Kd7 8. Qb3 Na5 9. Qb5+ Kc8 10. Ng5 a6 11. Qd3 Nh6 12. Be6+ Bxe6 13. Nxe6 Qg8 14.
Qh3 Kb8 15. d4 Nf7 16. dxc5 Bf6 17. cxd6 exd6 18. Na3 Qc8 19. Be3 Nc4 20. Nxc4 Qxc4 21. Bd4 Bxd4 22. Nxd4 Ka7 23. Qe3 b6 24.
a4 a5 25. b3 Qc8 26. b4 Kb7 27. f4 Qc4 28. e5 d5 29. Nb5 Qc6 30. bxa5 Rxa5 31. e6 Nd6 32. Nxd6+ Qxd6 33. Qe5 Qxe5 34.
Rxe5 Re8 35. g4 Kc7 36. Kf2 Kd6 37. Rb1 Rxa4 38. Rxb6+ Kc7 39. Rb4 Ra3 40. Re3 Ra2+ 41. Kg3 Kd6 42.
Rb6+ Kc7 43. Rb1 h5 44. gxh5 gxh5 45. f5 Rg8+ 46. Kf4 Rf2+ 47. Rf3 Rxh2 48. Ke5 Kc6 49. Re1 Rhg2 50. f6 R2g5+ 51. Rf5 Rxf5+ 52. Kxf5 Kd6 53. e7 1-0

[Event "Schack-SM 2024: Veteran-SM 65+"]
[Site "Fortnox Arena, Hejaregatan 5, Vaxjo, Sweden"]
[Date "2024.07.05"]
[Round "7.2"]
[White "Hedin, Gunnar"]
[Black "Gillefalk, Bjorn"]
[Result "1-0"]
[TimeControl "90 minutes for 40 moves + 30 minutes for the rest of the game + 30 seconds per move from move one."]
[WhiteElo "2064"]
[BlackElo "2063"]

1. d4 Nf6 2. c4 e6 3. Nc3 Bb4 4. e3 O-O 5. Bd3 d5 6. cxd5 exd5 7. Nge2 Bd6 8. f3 a6 9. O-O c5 10. Qe1 Nc6 11. Qh4 Ne7 12.
g4 Ng6 13. Qf2 Bxg4 14. fxg4 Nxg4 15. Qg2 Bxh2+ 16. Kh1 Qh4 17. Rf3 Bd6+ 18. Kg1 Qe1+ 19. Rf1 Bh2+ 20. Qxh2 Qxf1+ 21. Kxf1 Nxh2+ 22. Kg2 cxd4 23. Nxd4 Ng4 24.
Nxd5 Rad8 25. e4 N4e5 26. Be2 Rfe8 27. Be3 Nf8 28. Rc1 Ne6 29. Nf5 g6 30. Nf6+ 1-0

[Event "Schack-SM 2024: Veteran-SM 65+"]
[Site "Fortnox Arena, Hejaregatan 5, Vaxjo, Sweden"]
[Date "2024.07.05"]
[Round "7.3"]
[White "Bohlin, Jan"]
[Black "Blomstrom, Lars"]
[Result "1-0"]
[TimeControl "90 minutes for 40 moves + 30 minutes for the rest of the game + 30 seconds per move from move one."]
[WhiteElo "1854"]
[BlackElo "2122"]

1. d4 Nf6 2. c4 g6 3. Nc3 Bg7 4. e4 d6 5. Be2 O-O 6. Bg5 c5 7. d5 h6 8. Be3 e6 9. dxe6 Bxe6 10.
Qd2 Nc6 11. Bxh6 Nd4 12. Bxg7 Kxg7 13. Bd3 Qa5 14. Nge2 Nb3 15. axb3 Qxa1+ 16. Nc1 Qa5 17. O-O Nh7 18. f4 f5 19.
exf5 gxf5 20. N1e2 Kh8 21. Qe3 Rae8 22. Qh3 Qd8 23. g4 Qf6 24. g5 Qg7 25. Kh1 Kg8 26. Ng3 Qg6 27. Rg1 Bd7 28. Nd5 Rf7 29. Nh5 Kf8 30.
Qf3 Bc6 31. Ng3 Nxg5 32. fxg5 Qxg5 33. Nxf5 Qd2 34. Qh3 1-0

[Event "Schack-SM 2024: Veteran-SM 65+"]
[Site "Fortnox Arena, Hejaregatan 5, Vaxjo, Sweden"]
[Date "2024.07.05"]
[Round "7.4"]
[White "Dolata, Henryk"]
[Black "Lagerborg, Krister"]
[Result "1/2-1/2"]
[TimeControl "90 minutes for 40 moves + 30 minutes for the rest of the game + 30 seconds per move from move one."]
[WhiteElo "1989"]
[BlackElo "2091"]

1. c4 e5 2. Nc3 d6 3. g3 g6 4. Bg2 Bg7 5. e4 Nc6 6. Nge2 Nge7 7. O-O O-O 8. d3 h6 9. Be3 Nd4 10.
Qd2 Kh7 11. f4 Rb8 12. Rac1 c5 13. fxe5 dxe5 14. Nd5 Nxd5 15. cxd5 Qd6 16. h3 f5 17. Kh2 Bd7 18. Nxd4 cxd4 19.
Bg1 h5 20. Qa5 Bh6 21. Qc7 Qe7 22. Rce1 Bd2 23. exf5 Bxe1 24. fxg6+ Kxg6 25. Rxe1 Rfc8 26. Rxe5 Rxc7 27. Rxe7 Re8 28.
Be4+ Kf6 29. Rxe8 Rc2+ 30. Bg2 Bxe8 31. Bxd4+ Ke7 32. Kg1 b6 33. g4 hxg4 34. hxg4 Bg6 35. Kh2 Rd2 36. Bc3 Rxd3 37. Be5 Kd7 38. d6 Rd2 39.
Kg3 Ke6 40. Bf4 Rxb2 41. Bc6 Rc2 42. d7 Rc3+ 43. Kh4 Rd3 44. Kg5 Bf7 45. Bb8 a6 46. Bc7 Rxd7 47. Bxd7+ 1/2-1/2

[Event "Schack-SM 2024: Veteran-SM 65+"]
[Site "Fortnox Arena, Hejaregatan 5, Vaxjo, Sweden"]
[Date "2024.07.05"]
[Round "7.5"]
[White "Gromark, Per-Olof"]
[Black "Malmdin, Nils-Ake"]
[Result "1/2-1/2"]
[TimeControl "90 minutes for 40 moves + 30 minutes for the rest of the game + 30 seconds per move from move one."]
[BlackTitle "FM"]
[WhiteElo "1898"]
[BlackElo "2064"]

1. c4 c5 2. Nc3 g6 3. g3 Bg7 4. Bg2 Nc6 5. e4 b6 6. Nge2 Bb7 7. d3 d6 8. Be3 Nf6 9. h3 Qd7 10. Qd2 h5 11. a3 Nh7 12.
Rb1 e6 13. Bf4 Ne5 14. h4 O-O 15. b3 f5 16. O-O Nf7 17. Be3 Nf6 18. Nf4 Kh7 19. exf5 exf5 20. Nfd5 Ng4 21. Bf4 Rae8 22.
Rbe1 Bd4 23. Ne2 Bg7 24. Nec3 Bd4 25. Ne2 Bg7 26. Nec3 Bd4 27. Ne2 Bg7 1/2-1/2

[Event "Schack-SM 2024: Veteran-SM 65+"]
[Site "Fortnox Arena, Hejaregatan 5, Vaxjo, Sweden"]
[Date "2024.07.05"]
[Round "7.6"]
[White "Green, Per"]
[Black "Magnussen, Pal"]
[Result "0-1"]
[TimeControl "90 minutes for 40 moves + 30 minutes for the rest of the game + 30 seconds per move from move one."]
[WhiteElo "1944"]
[BlackElo "1905"]

1. Nf3 Nf6 2. g3 c5 3. Bg2 d5 4. c4 Nc6 5. cxd5 Nxd5 6. Nc3 Nxc3 7. bxc3 e5 8. d3 Be7 9. Be3 O-O 10.
O-O Qc7 11. Qc1 h6 12. Qb2 Rb8 13. Rac1 Be6 14. Nd2 b5 15. d4 Rfd8 16. dxc5 Na5 17. Rfd1 Bxc5 18. Bxc5 Qxc5 19. Qb4 Qc7 20.
Nb3 Nc4 21. Rxd8+ Qxd8 22. Qc5 a5 23. Qc6 a4 24. Nc5 Qd2 25. Rf1 Bg4 26. Ne4 Qxe2 27. h3 Bf5 28. Nd6 Nxd6 29. Qxd6 Rc8 30. Rc1 Qb2 31. Re1 e4 32. Qe5 Qd2 33. Re3 Be6 34. Qxb5 Qxa2 35. Qe5 a3 36. Qxe4 Qa1+ 0-1

[Event "Schack-SM 2024: Veteran-SM 65+"]
[Site "Fortnox Arena, Hejaregatan 5, Vaxjo, Sweden"]
[Date "2024.07.05"]
[Round "7.7"]
[White "Larsson, Per-Olov"]
[Black "Adler, Bo"]
[Result "1-0"]
[TimeControl "90 minutes for 40 moves + 30 minutes for the rest of the game + 30 seconds per move from move one."]
[WhiteElo "1933"]
[BlackElo "2108"]

1. e4 e5 2. Nf3 Nc6 3. Bb5 a6 4. Ba4 d6 5. O-O Bg4 6. c3 Qf6 7. d3 h6 8. Nbd2 Nge7 9. Qc2 Ng6 10.
h3 Bd7 11. Bxc6 Bxc6 12. d4 Be7 13. Nc4 b6 14. Ne3 O-O 15. Ng4 Qe6 16. d5 Bxd5 17. exd5 Qxd5 18. Ne3 Qc6 19. Rd1 Nf4 20.
Nf5 Ng6 21. h4 Bf6 22. h5 Ne7 23. Nxe7+ Bxe7 24. Qf5 Rae8 25. Nh2 Bd8 26. Ng4 Re6 27. Rd3 Qe8 28. Rg3 Kh8 29. Rf3 e4 30.
Rh3 g6 31. hxg6 fxg6 32. Rxh6+ Kg7 33. Qd5 Rf5 34. Qd4+ Bf6 35. Nxf6 Rexf6 36. Be3 c5 37. Qd2 Rh5 38. Rxh5 gxh5 39.
Bf4 Qe6 40. g3 d5 41. Rd1 Rf5 42. Qe3 h4 43. b4 Qg6 44. bxc5 bxc5 45. Rb1 Rf7 46. Be5+ Kh7 47. Rb8 1-0

[Event "Schack-SM 2024: Veteran-SM 65+"]
[Site "Fortnox Arena, Hejaregatan 5, Vaxjo, Sweden"]
[Date "2024.07.04"]
[Round "6.3"]
[White "Blomstrom, Lars"]
[Black "Dolata, Henryk"]
[Result "1/2-1/2"]
[TimeControl "90 minutes for 40 moves + 30 minutes for the rest of the game + 30 seconds per move from move one."]
[WhiteElo "2122"]
[BlackElo "1989"]

1. e4 e6 2. d4 d5 3. Nc3 dxe4 4. Nxe4 Bd7 5. Nf3 Bc6 6. Bd3 Nd7 7. O-O Ngf6 8. Qe2 Be7 9. Bd2 Nxe4 10.
Bxe4 Bxe4 11. Qxe4 c6 12. c4 O-O 13. Rfe1 Re8 14. Bc3 Bf6 15. Rad1 Qc7 16. Ne5 Bxe5 17. dxe5 Rad8 18. Qe3 Nb6 19.
b3 Rxd1 20. Rxd1 Rd8 21. Qe2 Kf8 22. Bb4+ Kg8 23. Bd6 Qd7 24. Rd2 Qe8 25. Qd1 Nc8 26. g3 h6 27. Kg2 b6 28. c5 bxc5 29.
Bxc5 Rd5 30. Rxd5 exd5 31. Qd4 Qd7 32. h3 Qb7 33. f4 g6 34. e6 Qa6 35. Qe3 Qxa2+ 36. Kf3 Qb1 37. g4 Qe4+ 38.
Qxe4 dxe4+ 39. Kxe4 fxe6 40. Ke5 Kf7 41. Bd4 1/2-1/2

[Event "Schack-SM 2024: Veteran-SM 65+"]
[Site "Fortnox Arena, Hejaregatan 5, Vaxjo, Sweden"]
[Date "2024.07.04"]
[Round "6.4"]
[White "Lagerborg, Krister"]
[Black "Bohlin, Jan"]
[Result "1/2-1/2"]
[TimeControl "90 minutes for 40 moves + 30 minutes for the rest of the game + 30 seconds per move from move one."]
[WhiteElo "2091"]
[BlackElo "1854"]

1. e4 c5 2. d3 Nc6 3. c3 d5 4. Qe2 e6 5. g3 dxe4 6. dxe4 Nf6 7. Bg2 Be7 8. Be3 Qc7 9. f4 b6 10.
g4 Bb7 11. g5 Nd7 12. Nd2 h6 13. h4 hxg5 14. hxg5 Rxh1 15. Bxh1 O-O-O 16. O-O-O Rh8 17. Bg2 Kb8 18.
Nh3 Ka8 19. Qg4 g6 20. Nf2 Bf8 21. Bf3 Be7 22. Qg2 Bd6 23. e5 Be7 24. Nc4 Rd8 25. Ne4 Ndb8 26. Ncd6 Bxd6 27. Nxd6 Rd7 28. Rd2 Nd8 29. Nb5 Qc8 30.
Rxd7 Qxd7 31. Nd6 Bxf3 32. Qxf3+ Qc6 33. Qxc6+ Nbxc6 34. Kc2 Kb8 35. Kd3 Kc7 36. Kc4 a6 37. b4 cxb4 38.
cxb4 Ne7 39. Ne8+ Kc6 40. Bd2 b5+ 41. Kd4 Nb7 42. Nf6 Nf5+ 43. Ke4 Nd8 44. Be1 Nb7 45. Ng4 Kd7 46. Nh6 Ke8 47.
Nxf5 gxf5+ 48. Kf3 Nd8 49. Bf2 Nc6 50. Bc5 Nb8 51. Kg3 Nd7 52. Be3 Nb8 53. Kh4 Nc6 54. Bc5 Nb8 55. Kh5 Nc6 56.
Kh6 Nb8 57. Kg7 Nd7 58. g6 fxg6 59. Kxg6 Nb8 60. Bd6 Nc6 61. Kf6 Kd7 62. Bc5 Nb8 1/2-1/2

[Event "Schack-SM 2024: Veteran-SM 65+"]
[Site "Fortnox Arena, Hejaregatan 5, Vaxjo, Sweden"]
[Date "2024.07.04"]
[Round "6.5"]
[White "Hogberg, Thomas"]
[Black "Gillefalk, Bjorn"]
[Result "0-1"]
[TimeControl "90 minutes for 40 moves + 30 minutes for the rest of the game + 30 seconds per move from move one."]
[WhiteElo "1999"]
[BlackElo "2063"]

1. d4 Nf6 2. Nf3 c5 3. Nc3 cxd4 4. Nxd4 a6 5. Bg5 e6 6. e4 d6 7. a4 Be7 8. Bc4 Nc6 9. O-O O-O 10.
Kh1 Bd7 11. f4 Nxd4 12. Qxd4 Ne8 13. Bxe7 Qxe7 14. Rae1 Bc6 15. Rf2 Rd8 16. Rd2 Qh4 17. Qe3 Nf6 18. Qg3 Qxg3 19. hxg3 Rfe8 20.
Kg1 Kf8 21. b4 d5 22. exd5 exd5 23. Red1 Ne4 24. Nxe4 Rxe4 25. Bxd5 Bxd5 26. c3 Rc4 27. Rxd5 Rxd5 28. Rxd5 Rxc3 29. Rd4 Ke7 30. Kf2 h5 31.
b5 axb5 32. axb5 Rb3 33. Rd5 g6 34. Rg5 Kd7 35. Rd5+ Ke6 36. Rc5 Kd6 37. Rg5 Kc7 38. Re5 Kd6 39. Rg5 b6 40. Ke2 Rc3 41. g4 h4 42. Re5 Rg3 43.
Kf2 Rxg4 44. Kf3 Rg3+ 45. Kf2 Rb3 46. Rg5 Rc3 47. Rg4 Kc5 48. Rxh4 Kxb5 49. Rh8 Rd3 50. Re8 Rd7 51. Re5+ Kc4 52.
Re4+ Rd4 53. Re7 Rxf4+ 54. Ke3 Rf6 55. Rc7+ Kb4 56. Kd3 b5 57. Rb7 Rd6+ 58. Ke3 f5 0-1

[Event "Schack-SM 2024: Veteran-SM 65+"]
[Site "Fortnox Arena, Hejaregatan 5, Vaxjo, Sweden"]
[Date "2024.07.04"]
[Round "6.6"]
[White "Sigeman, Johan"]
[Black "Wedin, Svante"]
[Result "0-1"]
[TimeControl "90 minutes for 40 moves + 30 minutes for the rest of the game + 30 seconds per move from move one."]
[WhiteElo "2049"]
[BlackElo "1907"]

1. d4 d5 2. Nf3 Bf5 3. g3 h6 4. Bg2 e6 5. O-O Nf6 6. c4 c6 7. Nc3 Nbd7 8. Qb3 Qb6 9. c5 Qa6 10.
Re1 b6 11. cxb6 axb6 12. Nh4 Bh7 13. e4 dxe4 14. Nxe4 Nxe4 15. Bxe4 Qa5 16. Bd2 Qxd2 17. Bxc6 Rd8 18. d5 Bc5 19.
Rad1 Qxf2+ 20. Kh1 O-O 21. dxe6 Bc2 22. exf7+ Kh8 23. Qe6 Nf6 24. Rxd8 Rxd8 25. Qe8+ Nxe8 26. fxe8=Q+ Rxe8 0-1

[Event "Schack-SM 2024: Veteran-SM 65+"]
[Site "Fortnox Arena, Hejaregatan 5, Vaxjo, Sweden"]
[Date "2024.07.04"]
[Round "6.7"]
[White "Alquist, Erik"]
[Black "Gromark, Per-Olof"]
[Result "0-1"]
[TimeControl "90 minutes for 40 moves + 30 minutes for the rest of the game + 30 seconds per move from move one."]
[WhiteElo "1968"]
[BlackElo "1898"]

1. e4 c5 2. Nf3 d6 3. d4 cxd4 4. Nxd4 Nf6 5. Nc3 a6 6. h3 e5 7. Nf3 Be6 8. Ng5 Nc6 9. Nxe6 fxe6 10. Bc4 Qd7 11. a3 Be7 12. Be3 b5 13. Ba2 O-O 14.
Qd3 Kh8 15. O-O Rac8 16. Rad1 Na5 17. Bc1 Nc4 18. a4 Qc6 19. axb5 axb5 20. Bxc4 Qxc4 21. Qxc4 Rxc4 22. Nxb5 Nxe4 23.
f3 Ng3 24. Rf2 d5 25. Kh2 Nf5 26. Re2 Rb8 27. Na3 Rd4 28. Rxd4 Nxd4 29. Re1 Kg8 30. c3 Nc6 31. Nc2 Kf7 32.
Kg3 Na5 33. b4 Nc4 34. Ne3 Rc8 35. Kf2 Nxe3 36. Rxe3 Bxb4 37. cxb4 Rxc1 38. Rb3 Rc6 39. Ke3 Ke7 40. f4 exf4+ 41. Kxf4 Kd6 42. b5 Rb6 43. Ra3 e5+ 44. Ke3 Rb7 45. Ra6+ Kc5 46. Re6 e4 47. b6 Rxb6 48. Re7 Rg6 49.
g4 Kd6 50. Re8 Re6 51. Rg8 Re7 52. Rd8+ Ke5 53. h4 h6 54. h5 Rc7 55. Re8+ Kd6 56. Rd8+ Kc5 57. Rg8 Kc4 58. Rf8 d4+ 59.
Kxe4 Re7 0-1

[Event "Schack-SM 2024: Veteran-SM 65+"]
[Site "Fortnox Arena, Hejaregatan 5, Vaxjo, Sweden"]
[Date "2024.07.04"]
[Round "6.1"]
[White "Magnussen, Pal"]
[Black "Engstrom, Kaj"]
[Result "0-1"]
[TimeControl "90 minutes for 40 moves + 30 minutes for the rest of the game + 30 seconds per move from move one."]
[WhiteElo "1905"]
[BlackElo "2163"]

1. e4 c5 2. Nf3 e6 3. Qe2 Nc6 4. g3 Be7 5. Bg2 d6 6. O-O e5 7. h3 g5 8. c3 g4 9. hxg4 Bxg4 10.
Qe3 h5 11. Nh2 Bg5 12. f4 Bh6 13. Nxg4 hxg4 14. Na3 exf4 15. gxf4 Qh4 16. d4 cxd4 17. cxd4 Bg7 18. e5 dxe5 19.
dxe5 Nge7 20. Qe4 O-O-O 21. Be3 Nd5 22. Rfc1 Qg3 23. Bd2 Rh3 24. Nb5 Kb8 25. Nd6 Rxd6 26. Rxc6 Qh2+ 27. Kf1 Rxc6 28.
Qxd5 Rf3+ 29. Bxf3 gxf3 30. Qxf3 Qxd2 31. Qg3 Rc2 32. Re1 Rc4 0-1